 Dungeon Crawl Stone Soup version 0.22.1-1-ga44c0e5 (webtiles) character file.

151 dvd the Shield-Bearer (level 5, -13/42 HPs)
             Began as a Formicid Fighter on Sept 22, 2018.
             Was a Follower of Ru.
             Killed from afar by Ijyb (17 damage)
             ... with a wand of acid (10)
             ... on level 3 of the Dungeon.
             The game lasted 00:05:57 (2200 turns).

dvd the Shield-Bearer (Formicid Fighter)            Turns: 2200, Time: 00:05:57

Health: -13/42     AC:  3    Str: 25    XL:     5   Next: 60%
Magic:  5/5        EV:  8    Int:  8    God:    Ru [*.....]
Gold:   197        SH: 10    Dex: 11    Spells: 4/4 levels left

rFire    . . .     SeeInvis +   a - +0 quarterstaff
rCold    . . .     Gourm    .   c - +0 shield
rNeg     . . .     Faith    .   b - +0 scale mail
rPois    .         Spirit   .   (helmet unavailable)
rElec    .         Reflect  .   (no cloak)
rCorr    .         Harm     .   (no gloves)
MR       .....                  (no boots)
Stlth    ..........             (no amulet)
HPRegen  0.14/turn              (no ring)
MPRegen  0.09/turn              (no ring)

@: mighty, corroded, no scrolls
A: permanent stasis, dig shafts and tunnels, four strong arms, antennae 3,
inability to read while threatened
a: Dig, Shaft Self, Renounce Religion


You were on level 3 of the Dungeon.
You worshipped Ru.
Ru was aware of your devotion.
You were not hungry.

You visited 1 branch of the dungeon, and saw 3 of its levels.

You collected 197 gold pieces.

Inventory:

Hand Weapons
 a - a +0 quarterstaff (weapon)
 e - a +0 dagger of venom
 r - a cursed -3 hunting sling
Armour
 b - a +0 scale mail (worn)
 c - a +0 shield (worn)
 q - a +0 chain mail
Wands
 o - a wand of iceblast (5)
Scrolls
 g - a scroll of enchant armour {unknown}
 i - a scroll of blinking {unknown}
 m - 3 scrolls of identify {unknown}
 n - a scroll of noise {unknown}
 p - a scroll of teleportation {unknown}
 t - 2 scrolls of remove curse {unknown}
 u - a scroll of amnesia {unknown}
Potions
 d - a potion of might
 h - 2 potions of mutation {unknown}
 j - a potion of agility {unknown}
 k - a potion of haste {unknown}
 l - a potion of curing {unknown}
 s - a potion of resistance {unknown}
 v - a potion of heal wounds {unknown}
Comestibles
 f - 6 chunks of flesh


   Skills:
 + Level 4.0 Fighting
 + Level 3.1 Staves
 + Level 4.4 Armour
 + Level 0.5 Dodging
 + Level 0.7 Stealth
 + Level 4.5 Shields


You had 4 spell levels left.
You didn't know any spells.
Your spell library was empty.

Dungeon Overview and Level Annotations

Branches:
Dungeon (3/15)

Altars:
Makhleb
Ru

Annotations:
D:3 Ijyb


Innate Abilities, Weirdness & Mutations

You cannot be hasted, slowed, berserked, paralysed or teleported.
You can dig through walls and to a lower floor.
Your four strong arms can wield two-handed weapons with a shield.
You have a pair of large antennae on your head. (SInv)
You cannot read scrolls while threatened.


Message History

You barely miss the worm.
The worm is heavily wounded.
You block the crimson imp's attack. The worm bites you but does no damage.
You sock the worm!
The worm is almost dead.
You block the crimson imp's attack.
You sock the worm!
You kill the worm!
The crimson imp blinks!
Ijyb zaps a wand.
The bolt of acid hits you!
You feel threatened and lose the ability to read scrolls!
The acid corrodes you!
You are splashed with acid!
The acid burns!
* * * LOW HITPOINT WARNING * * *
Ijyb zaps a wand.
The bolt of acid misses you.
You see here an adder corpse.
Unknown command.
You feel very mighty all of a sudden. Ijyb hits you with a club.
* * * LOW HITPOINT WARNING * * *
You closely miss Ijyb.
Ijyb zaps a wand.
The bolt of acid hits you!
You die...

......... .......# ##
#.####.# .. { #.# #.# (#
#.# #.# ###.####. #.#
#.#########........ #.##
#.#................
...###.#.#####.#.#.##
.........####.##@#..###.
..........[...5.g.).....
...###.######.##.#(.####
##.# #.# ...........#
... ..# .#####...$.#
......## ##.#..>. ##.##.
#.##.### #. #. #[# .#
#.# #


You could see Ijyb and a crimson imp.

Vanquished Creatures
  An orc priest (D:3)
  Jessica (D:2)
  An adder (D:3)
  An ooze (D:1)
  5 worms
  4 dart slugs
  A leopard gecko (D:1)
  7 orcs (D:3)
  3 bats (D:1)
  2 giant cockroaches
  4 goblins (D:1)
  5 hobgoblins
  10 kobolds
  A quokka (D:3)
  2 frilled lizards
  7 rats
55 creatures vanquished.

Notes
Turn   | Place    | Note
-------+----------+-------------------------------------------
     0 | D:1      | dvd the Formicid Fighter began the quest for the Orb.
     0 | D:1      | Reached XP level 1. HP: 18/18 MP: 1/1
    36 | D:1      | Reached XP level 2. HP: 23/24 MP: 2/2
   194 | D:1      | Reached XP level 3. HP: 29/29 MP: 3/3
   715 | D:2      | Noticed Jessica
   719 | D:2      | Found a sacrificial altar of Ru.
   727 | D:2      | Became a worshipper of Ru the Awakened
   741 | D:2      | Killed Jessica
   741 | D:2      | Reached XP level 4. HP: 30/37 MP: 4/4
   968 | D:2      | Found a burning altar of Makhleb.
  2023 | D:3      | Reached XP level 5. HP: 27/42 MP: 5/5
  2178 | D:3      | Gained mutation: You cannot read scrolls while threatened.
                  | [Ru sacrifice]
  2178 | D:3      | Reached * piety under Ru
  2182 | D:3      | Noticed Ijyb
  2200 | D:3      | Killed from afar by Ijyb

Skill      XL: |  1  2  3  4  5 |
---------------+----------------+-----
Armour         | 4 |  4.4
Shields        | 4 |  4.5
Fighting       | 4 |  4.0
Staves         | 3 |  3.1
Dodging        | |  0.5
Stealth        | |  0.7

Action                   |  1- 3 |  4- 6 || total
-------------------------+-------+-------++-------
Melee: Quarterstaff      |    75 |   103 ||   178
Invok: Sacrifice Words   |       |     1 ||     1
  Use: Potion            |       |     1 ||     1
  Eat: Ration            |       |     1 ||     1
       Chunk             |       |     1 ||     1
Armor: Scale mail        |    25 |    42 ||    67
Dodge: Dodged            |    22 |    46 ||    68
Block: Shield            |    36 |    59 ||    95
